 Dungeon Crawl Stone Soup version 0.30-a0-719-gcc4359ea44 (webtiles) character file.

Game seed: 9392203638911134271

10708 Dittersdorf the Blocker (level 11, -1/66 (73) HPs)
             Began as a Gargoyle Fighter on Jan 26, 2023.
             Was a High Priest of Okawaru.
             Slain by a wraith (3 damage)
             ... led by Josephine
             ... on level 10 of the Dungeon.
             The game lasted 00:17:28 (11214 turns).

Dittersdorf the Blocker (Gargoyle Fighter)         Turns: 11214, Time: 00:17:29

HP:   -1/66 (73)    AC: 28    Str: 25    XL:     11   Next: 66%
MP:   11/11         EV: 10    Int: 14    God:    Okawaru [*****.]
Gold: 414           SH:  6    Dex:  9    Spells: 10/10 levels left

rFire   . . .      SeeInvis +    A - +2 flail (holy)
rCold   + . .      Faith    +    c - +0 buckler
rNeg    + . .      Spirit   .    b - +4 ring mail {rC+}
rPois   ∞          Reflect  .    p - +0 helmet
rElec   +          Harm     .    t - +2 cloak {Will+}
rCorr   .          Rampage  .    s - +0 pair of gloves
Will    +....                    h - +1 pair of boots Stlth
                                 e - amulet of faith
HPRegen 0.31/turn                g - +6 ring of intelligence
MPRegen 0.12/turn                D - ring of see invisible

@: slowed, drained, very slow
A: sickness immunity, AC +8, negative energy resistance 1, electricity
resistance, torment resistance 1, petrification resistance
a: Renounce Religion, Heroism, Finesse, Duel


You were on level 10 of the Dungeon.
You worshipped Okawaru.
Okawaru was extremely pleased with you.
You visited 1 branch of the dungeon, and saw 10 of its levels.
You also visited: Ossuary.

You collected 579 gold pieces.
You spent 165 gold pieces at shops.

Inventory:

Hand Weapons
 A - a +2 flail of holy wrath (weapon)
Missiles
 u - 12 poisoned darts (quivered)
Armour
 b - a +4 ring mail of cold resistance (worn)
 c - a +0 buckler (worn)
 h - a +1 pair of boots (worn)
 p - a +0 helmet (worn)
 s - a +0 pair of gloves (worn)
 t - a +2 cloak of willpower (worn)
Jewellery
 e - an amulet of faith (around neck)
 g - a +6 ring of intelligence (left hand)
 k - a ring of fire
 D - a ring of see invisible (right hand)
Wands
 q - a wand of roots (4)
 x - a wand of quicksilver (11)
Scrolls
 f - a scroll of identify
 l - a scroll of fear
 B - 2 scrolls of teleportation
Potions
 a - a potion of mutation
 d - a potion of might
 i - 2 potions of curing
 m - 2 potions of haste
 n - 3 potions of flight
 o - a potion of magic
 r - 2 potions of ambrosia
 v - 3 potions of cancellation
 w - a potion of degeneration {unknown}
 z - 3 potions of heal wounds
 C - a potion of resistance


   Skills:
 + Level 10.5 Fighting
 + Level 9.4 Maces & Flails
 + Level 10.5 Armour
 + Level 10.5 Shields


You had 10 spell levels left.
You didn't know any spells.
Your spell library contained the following spells:

 Spells                   Type           Power      Damage    Failure   Level
 Sandblast                Erth           0%         2d4       43%         1
 Passwall                 Tmut/Erth      0%         N/A       58%         2
 Stone Arrow              Conj/Erth      0%         3d7       82%         3
 Fireball                 Conj/Fire      0%         3d3       100%        5
 Iskenderun's Battlesphe  Conj           0%         2d6       100%        5
 Conjure Ball Lightning   Conj/Air       0%         3x3d6     100%        6
 Orb of Destruction       Conj           0%         9d5       100%        7


Dungeon Overview and Level Annotations

Branches:
Dungeon (10/15)            Temple (0/1) D:6            Lair (0/5) D:9
    Orc (0/2) D:10        Ossuary (visited)

Altars:
Cheibriados
Dithmenos
Elyvilon
Gozag
Hepliaklqana
Makhleb
Nemelex Xobeh
Okawaru
Ru
Sif Muna
Trog
Vehumet
Zin

Shops:
D:3 [   D:4 *   D:10 [

Annotations:
D:8 3 runed translucent doors, ASSMAN's ghost, novice MiMo
D:10 Josephine


Innate Abilities, Weirdness & Mutations

You are immune to sickness and miasma.
Your stone body is resilient. (AC +8)
You are immune to poison.
You resist negative energy. (rN+)
You are resistant to electric shocks. (rElec)
You are resistant to unholy torment.
You are immune to petrification.


Message History

The wraith closely misses you. The wraith hits you.
Josephine points at you and mumbles some strange words.
The ghostly flame explodes!
The ghostly fireball engulfs you. You partially resist.
You feel drained.
The ghostly fireball engulfs the wraith.
The wraith completely resists.
The ghostly fireball engulfs Josephine.
Josephine completely resists.
Josephine grins evilly.
Josephine points at you and mumbles some strange words.
The ghostly flame explodes!
The ghostly fireball engulfs you! You partially resist.
You feel drained.
* * * LOW HITPOINT WARNING * * *
The ghostly fireball engulfs the wraith.
The wraith completely resists.
The ghostly fireball engulfs Josephine.
Josephine completely resists.
The wraith barely misses you.
There is an open door here.
Josephine zaps a wand.
Some rock shatters into small pieces.
The wraith attacks as you move away! You block the wraith's attack.
The wraith closely misses you. The wraith attacks as you move away!
The wraith hits you.
* * * LOW HITPOINT WARNING * * *
The wraith drains your vigour!
You feel as though you will be slow longer.
The wraith attacks as you move away! The wraith misses you.
The wraith hits you but does no damage. The wraith attacks as you move away!
The wraith misses you. The wraith hits you!
* * * LOW HITPOINT WARNING * * *
The wraith drains your vigour!
You feel as though you will be slow longer.
The wraith attacks as you move away! You block the wraith's attack.
There is an open door here.
You hear a zap.
Some rock shatters into small pieces.
The wraith hits you but does no damage. The wraith attacks as you move away!
The wraith hits you!
* * * LOW HITPOINT WARNING * * *
The wraith attacks as you move away! You block the wraith's attack.
Josephine zaps a wand.
Some rock shatters into small pieces.
The wraith hits you.
You die...

#..#)..###.#....# #....# W.#
#<.#'#......#...###.#### ..#
#..[..#.....##......# W@##
#.....##....###..#### W..#
#+#...##....^..#.### ...#
....####.........# ########...#
...######.........###..........#
................W..##.##...'...+
.#######......@WW'...##W#.#...#
+.................@W##..##...#
#######.........###.##'.######
#####.........# #.W.W@....#
##.............# #.@.......##
#........####'## #.........#.
#........# #..##..........#.
##.......# ##.............'.
#.....### #####.........#.


You could see Josephine and 4 wraiths.

Vanquished Creatures
  Snorg (D:10)
  2 two-headed ogres
  A cyclops (D:6)
  3 komodo dragons (D:9)
  Sigmund (D:5)
  5 wyverns
  A shadow (D:6)
  10 yaks
  2 basilisks (D:9)
  A wraith (D:10)
  4 vampire mosquitoes (D:9)
  2 steam dragons
  Menkaure (D:5)
  Edmund (D:6)
  2 acid dragons
  A water moccasin (D:7)
  An ice beast (D:5)
  2 black bears
  5 orc warriors
  An ogre (D:4)
  2 centaurs
  A phantom (D:7)
  A kobold brigand (D:7)
  3 bullfrogs
  2 necrophages
  3 scorpions
  7 wights
  A water moccasin zombie (Ossuary)
  8 killer bees
  5 howler monkeys
  3 hounds
  A jelly (D:6)
  3 orc priests
  Ijyb (D:5)
  2 iguanas
  17 orc wizards
  2 mummies (Ossuary)
  9 adders
  2 shadow imps
  A white imp (D:6)
  An ufetubus (D:6)
  5 adder zombies (Ossuary)
  2 dart slugs
  43 orcs
  3 ball pythons
  6 bats
  3 endoplasms
  6 giant cockroaches
  A gnoll zombie (Ossuary)
  9 goblins
  9 hobgoblins
  3 quokkas
  2 frilled lizards (D:2)
  6 hobgoblin zombies (Ossuary)
  15 kobolds
  4 kobold zombies (Ossuary)
  8 orc zombies (Ossuary)
  3 rats
250 creatures vanquished.

Vanquished Creatures (others)
  An orc wizard (D:7)
  A bush (D:7)
  6 plants (D:8)
8 creatures vanquished.

Grand Total: 258 creatures vanquished

Notes
Turn   | Place    | Note
-------+----------+-------------------------------------------
     0 | D:1      | Dittersdorf the Gargoyle Fighter began the quest for the
                  | Orb.
     0 | D:1      | Reached XP level 1. HP: 14/14 MP: 1/1
   314 | D:1      | Reached XP level 2. HP: 19/19 MP: 2/2
   817 | D:2      | Reached XP level 3. HP: 18/23 MP: 3/3
  1392 | D:3      | Found Zidibun's Antique Armour Shoppe.
  1495 | D:3      | Reached XP level 4. HP: 29/29 MP: 4/4
  2036 | D:4      | Noticed a necrophage
  2053 | D:4      | Killed a necrophage
  2054 | D:4      | Reached XP level 5. HP: 31/33 MP: 5/5
  2216 | D:4      | Found Beote Pokiq's Assorted Antiques.
  2452 | D:4      | Found a shadowy altar of Dithmenos.
  2740 | D:5      | Entered Level 5 of the Dungeon
  2796 | D:5      | Reached XP level 6. HP: 39/39 MP: 6/6
  2851 | D:5      | Noticed Ijyb
  2853 | D:5      | Noticed Sigmund
  2860 | D:5      | Killed Ijyb
  3157 | D:5      | Killed Sigmund
  3158 | D:5      | Reached skill level 5 in Fighting
  3158 | D:5      | Reached skill level 5 in Armour
  3158 | D:5      | Reached skill level 5 in Shields
  3158 | D:5      | Reached XP level 7. HP: 29/44 MP: 7/7
  3283 | D:5      | Noticed Menkaure
  3298 | D:5      | Killed Menkaure
  3528 | D:3      | Bought an embroidered cloak for 165 gold pieces
  3805 | D:5      | Reached XP level 8. HP: 50/51 MP: 8/8
  4006 | D:5      | Found an iron altar of Okawaru.
  4013 | D:5      | Became a worshipper of Warmaster Okawaru
  4196 | D:5      | Reached skill level 5 in Maces & Flails
  4476 | D:6      | Reached * piety under Okawaru
  4638 | D:6      | Found a staircase to the Ecumenical Temple.
  4640 | D:6      | Noticed Edmund
  4649 | D:6      | Killed Edmund
  4768 | D:6      | Found a snail-covered altar of Cheibriados.
  4839 | D:6      | Found a burning altar of Makhleb.
  4889 | D:6      | Noticed a yak
  4896 | D:6      | Killed a yak
  4896 | D:6      | Reached ** piety under Okawaru
  4897 | D:6      | Reached XP level 9. HP: 53/57 MP: 9/9
  4932 | D:6      | Noticed a cyclops
  4938 | D:6      | Killed a cyclops
  5008 | D:6      | Found a sparkling altar of Nemelex Xobeh.
  5008 | D:6      | Found a shimmering blue altar of Sif Muna.
  5008 | D:6      | Found a sacrificial altar of Ru.
  5097 | D:7      | Reached *** piety under Okawaru
  5306 | D:7      | Reached **** piety under Okawaru
  5307 | D:7      | Reached XP level 10. HP: 44/64 MP: 10/10
  5464 | D:7      | Found a sand-covered staircase.
  5473 | Ossuary  | Entered an ossuary
  7271 | D:8      | Found a runed translucent gate.
  7271 | D:8      | Found a runed translucent gate.
  7271 | D:8      | Found a runed translucent gate.
  7274 | D:8      | Noticed ASSMAN's ghost (novice MiMo)
  7274 | D:8      | Noticed an 11-headed hydra
  7370 | D:8      | Found an opulent altar of Gozag.
  7921 | D:8      | Found a white marble altar of Elyvilon.
  7935 | D:8      | Reached ***** piety under Okawaru
  8082 | D:8      | Found a radiant altar of Vehumet.
  9223 | D:9      | Reached XP level 11. HP: 63/71 MP: 11/11
  9362 | D:9      | Identified the +1 scimitar of the Pure Olives {freeze,
                  | rPois} (Okawaru gifted it to you on level 9 of the Dungeon)
  9362 | D:9      | Received a gift from Okawaru
  9599 | D:9      | Found a staircase to the Lair.
  9762 | D:10     | Entered Level 10 of the Dungeon
  9807 | D:9      | Reached skill level 10 in Shields
  9816 | D:9      | Reached skill level 10 in Fighting
  9995 | D:9      | Reached skill level 10 in Armour
 10047 | D:10     | Noticed a two-headed ogre
 10064 | D:9      | Killed a two-headed ogre
 10269 | D:10     | Noticed a two-headed ogre
 10280 | D:10     | Killed a two-headed ogre
 10280 | D:10     | Identified the +3 ring mail of Parlour Games {Str+4}
                  | (Okawaru gifted it to you on level 10 of the Dungeon)
 10280 | D:10     | Received a gift from Okawaru
 10470 | D:10     | Found a bloodstained altar of Trog.
 10476 | D:10     | Found a hazy altar of Hepliaklqana.
 10478 | D:10     | Found a glowing silver altar of Zin.
 10596 | D:10     | Found Xiodad's Armour Emporium.
 10626 | D:10     | Noticed Snorg
 10663 | D:10     | HP: 3/73 [Snorg (4)]
 10693 | D:10     | Killed Snorg
 10876 | D:10     | Found a staircase to the Orcish Mines.
 11178 | D:10     | Noticed Josephine
 11213 | D:10     | HP: 1/66 [wraith[Josephine] (10)]
 11214 | D:10     | Slain by a wraith

Illustrated notes

Levels and vault maps discovered:
D:1:      dpeg_arrival_round_c, layout_loops_ring, chequers_arboretum
D:2:      layout_loops_ring, kennysheep_pointless_box
D:3:      layout_basic, serial_shops, nicolae_shop_advertising_works
          [nicolae_subvault_shop_adworks]
D:4:      layout_basic, mainiacjoe_overflow_surrounded_room, serial_shops,
          nicolae_shop_overgrown_old_shop, kennysheep_generic_room_14
D:5:      layout_gridville, lemuel_round_altar, uniq_sigmund, uniq_ijyb,
          uniq_menkaure
D:6:      minmay_cornered_nines, layout_rooms, mainiacjoe_overflow_paths,
          gammafunk_temple_overflow_claw, makhleb_heckhound_becter,
          minmay_temple_entry_arrows, uniq_edmund
D:7:      layout_loops_ring, nicolae_ossuary_entry_ruins,
          kb_lookout_dungeons_type
D:8:      layout_cave_pools, lemuel_round_altar, grunt_gozag_statues,
          elyvilon_altar_1, gammafunk_ghost_hydra_chop
D:9:      layout_roguey, erik_lair_dragon
D:10:     layout_basic, minitemple, hiddenorc2_lemuel, serial_shops, shop,
          serial_curves, eino_curves_02, eino_curves_04, nrook_mini_backslash,
          uniq_snorg, uniq_josephine

Skill      XL: |  1  2  3  4  5  6  7  8  9 10 11 |
---------------+----------------------------------+-----
Armour         | 4 5 7 8 9 10 | 10.5
Shields        | 4 5 7 8 9 10 | 10.5
Fighting       | 4 5 7 8 9 10 | 10.5
Maces & Flails | 3 4 5 7 8 9 |  9.4

Action                     |  1- 3 |  4- 6 |  7- 9 | 10-12 || total
---------------------------+-------+-------+-------+-------++-------
  Melee: Flail             |   108 |   147 |   322 |   623 ||  1200
  Throw: Dart              |       |     5 |       |    13 ||    18
 Invoke: Heroism           |       |       |       |     3 ||     3
  Evoke: Wand              |       |       |       |     1 ||     1
    Use: Scroll            |       |     9 |     5 |     7 ||    21
         Potion            |       |       |       |     8 ||     8
 Armour: Scale mail        |    70 |    99 |   229 |    93 ||   491
         Chain mail        |       |       |       |   201 ||   201
         Ring mail         |       |       |       |   179 ||   179
  Dodge: Dodged            |    52 |    97 |   164 |   317 ||   630
  Block: Buckler           |    21 |    42 |    87 |   212 ||   362

Table legend: (Time is in decaauts)
 A = Elapsed time spent in this place.
 B = Non-inter-level travel time spent in this place.
 C = Inter-level travel time spent in this place.
 D = Time resting spent in this place.
 E = Time spent auto-exploring this place.
 F = Levels seen in this place.
 G = Mean time per level.
                   A        B        C        D        E       F      G
               +--------+--------+--------+--------+--------+-----+--------+
         Total |  11367 |  10681 |    686 |   2127 |   6019 |  11 | 1033.4 |
       Dungeon |  11110 |  10424 |    686 |   2027 |   6019 |  10 | 1111.0 |
       Ossuary |    257 |    257 |      0 |    100 |      0 |   1 |  257.0 |
               +--------+--------+--------+--------+--------+-----+--------+

Top non-repeatable levels by time:
     D:7: 2025 daAuts
     D:9: 1952 daAuts
     D:5: 1204 daAuts
    D:10: 1103 daAuts
     D:4: 1075 daAuts
     D:6: 919 daAuts
     D:1: 803 daAuts
     D:3: 768 daAuts
     D:8: 640 daAuts
     D:2: 617 daAuts
 Ossuary: 257 daAuts
